 Dungeon Crawl Stone Soup version 0.27.0-1-g7a089689b8 (webtiles) character file.

Game seed: 14567448100226688927

32 sanka the Bolt Thrower (level 3, 0/28 HPs)
             Began as a Vampire Hunter on Aug 4, 2021.
             Slain by Terence (6 damage)
             ... on level 2 of the Dungeon.
             The game lasted 00:01:09 (773 turns).

sanka the Bolt Thrower (Vampire Hunter)              Turns: 773, Time: 00:01:10

Health: 0/28       AC:  3    Str: 11    XL:     3   Next: 10%
Magic:  3/3        EV: 12    Int: 14    God:
Gold:   56         SH:  0    Dex: 14    Spells: 2/2 levels left

rFire    . . .     SeeInvis +   a - +1 hand crossbow
rCold    . . .     Faith    .   (no shield)
rNeg     . . .     Spirit   .   c - +0 leather armour
rPois    .         Reflect  .   (no helmet)
rElec    .         Harm     .   (no cloak)
rCorr    .         Rampage  .   (no gloves)
Will     .....                  (no boots)
Stlth    ++........             (no amulet)
HPRegen  0.29/turn              (no ring)
MPRegen  0.08/turn              (no ring)

@: healing quickly
A: alive, fangs 3, see invisible, vampiric 2
a: Exsanguinate


You were on level 2 of the Dungeon.
You visited 1 branch of the dungeon, and saw 2 of its levels.

You collected 56 gold pieces.


Innate Abilities, Weirdness & Mutations

Your natural rate of healing is accelerated.
You have razor-sharp teeth.
You have supernaturally acute eyesight. (SInv)
You are afflicted with vampirism and can become a bat while bloodless.


   Skills:
 + Level 2.6 Fighting
 - Level 3.2 Crossbows
 - Level 2.1 Dodging
 - Level 1.5 Stealth
 + Level 2.0 Unarmed Combat


You had 2 spell levels left.
You didn't know any spells.
Your spell library was empty.

Inventory:

Hand Weapons
 a - a +1 hand crossbow (weapon)
 b - a +0 short sword
Missiles
 d - 22 bolts (quivered ammo)
Armour
 c - a +0 leather armour (worn)
Jewellery
 e - a ring of ice
Scrolls
 g - 2 scrolls of identify {unknown}
Potions
 f - a potion of mutation {unknown}
 h - a potion of curing {unknown}

Dungeon Overview and Level Annotations

Branches:
Dungeon (2/15)

Altars:

Annotations:
D:2 Terence

.......▒ .......▒▒▒
▒......<.▒ ▒........(
▒.....(... ▒.........
▒▒▒ ▒.)@...(.. ▒.▒
▒.V...(... ▒.▒
▒.........
▒▒.▒▒▒▒▒▒▒▒.........
▒▒<.................▒
▒▒............▒▒▒▒.▒▒▒
▒..............▒ .▒
▒..............▒ ▒
▒.........†....▒
▒..............▒


You could see Terence.


Message History

Terence is severely wounded.
Terence hits you with a +0 mace. Terence hits you with a +0 mace.
You shoot a bolt. The bolt hits Terence.
Terence is severely wounded.
Terence hits you but does no damage.
You shoot a bolt. The bolt hits Terence.
Terence is severely wounded.
Terence hits you with a +0 mace!
* * * LOW HITPOINT WARNING * * *
You shoot a bolt. The bolt barely misses Terence.
Terence barely misses you. Terence hits you with a +0 mace.
* * * LOW HITPOINT WARNING * * *
You shoot a bolt. The bolt completely misses Terence.
Terence hits you with a +0 mace.
* * * LOW HITPOINT WARNING * * *
You shoot a bolt. The bolt barely misses Terence.
Terence hits you with a +0 mace.
* * * LOW HITPOINT WARNING * * *
You shoot a bolt. The bolt barely misses Terence.
Terence barely misses you. Terence hits you with a +0 mace.
You die...

Action                   || total
-------------------------++-------
Melee: Short sword       ||     7
       Bite              ||     1
 Fire: Hand crossbow     ||    67
Armor: Leather armour    ||    14
Dodge: Dodged            ||    44

Levels and vault maps discovered:
D:1:      shiori_arrival_oz, layout_loops_ring
D:2:      layout_rooms, minmay_misc_feat_tower, chequers_serial_rivers_micro_d,
          uniq_terence

Notes
Turn   | Place    | Note
-------+----------+-------------------------------------------
     0 | D:1      | sanka the Vampire Hunter began the quest for the Orb.
     0 | D:1      | Reached XP level 1. HP: 16/16 MP: 1/1
    29 | D:1      | Reached skill level 2 in Fighting
    39 | D:1      | Reached skill level 1 in Unarmed Combat
    60 | D:1      | Reached XP level 2. HP: 22/22 MP: 2/2
   552 | D:1      | Reached skill level 2 in Unarmed Combat
   583 | D:1      | Gained mutation: You are afflicted with vampirism and can
                  | become a bat while bloodless. [Vampire growth]
   583 | D:1      | Reached XP level 3. HP: 28/28 MP: 3/3
   759 | D:2      | Noticed Terence
   773 | D:2      | Slain by Terence

Vanquished Creatures
  A bat (D:1)
  3 endoplasms (D:1)
  A giant cockroach (D:1)
  3 hobgoblins (D:1)
  8 jackals (D:1)
  3 quokkas
  2 frilled lizards (D:1)
  4 kobolds (D:1)
  A rat (D:1)
26 creatures vanquished.
